 Dungeon Sprint DCSS version 0.24.0-125-gc4c63601f3 (webtiles) character file.

Game seed: 3373038360516099345, levelgen mode: deterministic

1100000 Ponchio the Intangible (level 16, -17/183 HPs)
             Began as a Hill Orc Berserker on Mar 4, 2020.
             Was a Priest of Trog.
             Demolished by a meat berserker
             ... wielding a +9 battleaxe
              (26 damage)
             ... in the Dungeon (Sprint VIII: "Arena of Blood").
             The game lasted 00:01:30 (11 turns).

Ponchio the Intangible (Hill Orc Berserker)           Turns: 11, Time: 00:01:34

Health: -17/183    AC:  3    Str: 22    XL:     16   Next: 78%
Magic:  16/16      EV: 32    Int:  7    God:    Trog [***...]
Gold:   0          SH:  0    Dex: 15    Spells: 15/15 levels left

rFire    . . .     SeeInvis .   j - +∞ Axe of Woe
rCold    . . .     Gourm    .   (shield currently unavailable)
rNeg     . . .     Faith    .   b - +0 animal skin
rPois    .         Spirit   .   (no helmet)
rElec    .         Reflect  .   (no cloak)
rCorr    .         Harm     .   (no gloves)
MR       +....     NoTele   +   (no boots)
Stlth    +.........             (no amulet)
HPRegen  0.40/turn              (no ring)
MPRegen  0.15/turn              (no ring)

@: no status effects
A: no striking features
a: Berserk, Trog's Hand, Renounce Religion


You were in the Dungeon.
You worshipped Trog.
Trog was most pleased with you.
You were not hungry.

You visited 1 branch

Inventory:

Hand Weapons
 a - a +0 short sword
 j - the +∞ Axe of Woe (weapon)
   (You found it in the Dungeon)
Armour
 b - a +0 animal skin (worn)
Scrolls
 i - a scroll of blinking
Potions
 d - a potion of curing
 e - a potion of heal wounds
 f - a potion of haste
 g - 2 potions of magic
 h - a potion of berserk rage
Comestibles
 c - a ration


   Skills:
 O Level 27 Fighting
 - Level 3.0 Short Blades
 + Level 21.8 Axes
 + Level 19.1 Armour
 O Level 27 Dodging


You had 15 spell levels left.
You didn't know any spells.
Your spell library was empty.

Dungeon Overview and Level Annotations

Branches:
Dungeon (1/1)

Altars:
Makhleb


Message History

You hit the bag of meat.
You butcher the bag of meat messily.
You kill the bag of meat!
Trog accepts your kill.
Your Axes skill gained 4 levels and is now at level 18!
Your Armour skill gained 4 levels and is now at level 16!
You hit the bag of meat.
You cleave the bag of meat in twain.
You kill the bag of meat!
Trog accepts your kill.
Your Axes skill gained 3 levels and is now at level 21!
Your Armour skill gained 3 levels and is now at level 19!
You hear a shout! x5
A bag of meat comes into view. It is wielding a +9 war axe.
You hear a shout! x3
The meat berserker hits you with a +9 battleaxe!!
* * * LOW HITPOINT WARNING * * *
You hear a shout!
A bag of meat comes into view. It is wielding a +9 war axe.
You hear a shout! x5
The meat berserker hits you with a +9 battleaxe!!
You die...

.. .. #.. ..#
#.. ..# .###..
..###.
......###......
....._.....
#..)..# #_o@O_#
#.))O.#
......._o......
......###....o.
.###.. ..###o
#.. ..# #. .#
.. .. .. ..


You could see 2 meat berserkers and 4 bags of meat.

Vanquished Creatures
  2 ogres (D)
  5 orcs (D)
7 creatures vanquished.

Notes
Turn   | Place    | Note
-------+----------+-------------------------------------------
     0 | D        | Found the +∞ Axe of Woe
     0 | D        | Ponchio the Hill Orc Berserker began the quest for the Orb.
     0 | D        | Reached XP level 1. HP: 19/19 MP: 1/1
     1 | D        | Noticed a bag of meat
     2 | D        | Noticed a bag of meat
     3 | D        | Noticed a bag of meat
     4 | D        | Noticed a bag of meat
     5 | D        | Noticed a meat berserker
     6 | D        | Noticed a bag of meat
     6 | D        | Noticed a bag of meat
     7 | D        | Noticed a bag of meat
     8 | D        | Noticed a meat berserker
     9 | D        | Killed a bag of meat
     9 | D        | Reached XP level 2. HP: 55/55 MP: 2/2
     9 | D        | Reached XP level 3. HP: 62/62 MP: 3/3
     9 | D        | Reached XP level 4. HP: 70/70 MP: 4/4
     9 | D        | Reached XP level 5. HP: 77/77 MP: 5/5
     9 | D        | Reached XP level 6. HP: 85/85 MP: 6/6
     9 | D        | Reached XP level 7. HP: 92/92 MP: 7/7
     9 | D        | Reached XP level 8. HP: 100/100 MP: 8/8
     9 | D        | Reached XP level 9. HP: 107/107 MP: 9/9
     9 | D        | Reached XP level 10. HP: 115/115 MP: 10/10
     9 | D        | Reached XP level 11. HP: 123/123 MP: 11/11
     9 | D        | Reached XP level 12. HP: 130/130 MP: 12/12
     9 | D        | Noticed a meat berserker
     9 | D        | Noticed a meat berserker
    10 | D        | Killed a meat berserker
    10 | D        | Reached ** piety under Trog
    10 | D        | Reached XP level 13. HP: 136/148 MP: 13/13
    10 | D        | Reached XP level 14. HP: 144/157 MP: 14/14
    10 | D        | Killed a bag of meat
    10 | D        | Killed a bag of meat
    10 | D        | Reached XP level 15. HP: 158/172 MP: 15/15
    11 | D        | Killed a meat berserker
    11 | D        | Reached *** piety under Trog
    11 | D        | Reached skill level 27 in Fighting
    11 | D        | Reached skill level 27 in Dodging
    11 | D        | Reached XP level 16. HP: 42/183 MP: 16/16
    11 | D        | HP: 9/183 [meat berserker/+9 battleaxe (34)]
    11 | D        | Demolished by a meat berserker

Levels and vault maps discovered:
D:        meatsprint

Skill      XL: |  1  2  3  4  5  6  7  8  9 10 11 12 13 14 15 16 |
---------------+-------------------------------------------------+-----
Fighting       | 19 23 26 27 | 27.0
Dodging        | 19 23 26 27 | 27.0
Axes           | 14 21 | 21.8
Armour         | 12 19 | 19.1
Short Blades   | |  3.0

Action                   |  1- 3 |  4- 6 |  7- 9 | 10-12 | 13-15 | 16-18 || total
-------------------------+-------+-------+-------+-------+-------+-------++-------
Melee: Executioner's axe |     1 |       |       |     1 |     1 |       ||     3
